 Dungeon Crawl Stone Soup version 0.23.2-40-g277498a001 (webtiles) character file.

Game seed: 3589742872473211611

3542 BinkBink the Covered (level 9, -11/82 HPs)
             Began as a Deep Dwarf Berserker on Sept 5, 2019.
             Was a Priest of Trog.
             Mangled by a two-headed ogre
             ... wielding a +0 giant club
              (20 damage)
             ... on level 9 of the Dungeon.
             The game lasted 00:21:57 (6699 turns).

BinkBink the Covered (Deep Dwarf Berserker)         Turns: 6699, Time: 00:21:58

Health: -11/82     AC: 12    Str: 23    XL:     9   Next: 82%
Magic:  8/8        EV: 13    Int: 13    God:    Trog [***...]
Gold:   562        SH:  0    Dex: 12    Spells: 8/8 levels left

rFire    . . .     SeeInvis .   y - +6 club
rCold    . . .     Gourm    .   (no shield)
rNeg     . . .     Faith    .   A - +3 scale mail {MR+}
rPois    .         Spirit   .   (no helmet)
rElec    .         Reflect  .   (no cloak)
rCorr    .         Harm     .   u - +0 pair of gloves
MR       ++...                  (no boots)
Stlth    +.........             (no amulet)
HPRegen  0.00/turn              n - +4 ring of intelligence
MPRegen  0.11/turn              (no ring)

@: non-regenerating
A: damage resistance, heal wounds, sense surroundings 2, no regeneration
a: Heal Wounds, Berserk, Trog's Hand, Renounce Religion


You were on level 9 of the Dungeon.
You worshipped Trog.
Trog was most pleased with you.
You were not hungry.

You visited 1 branch of the dungeon, and saw 9 of its levels.
You also visited: Sewer.

You collected 562 gold pieces.

Inventory:

Hand Weapons
 f - a +1 whip of venom
 m - the +7 arbalest of Wu Jian's Condemnation {freeze, +Blink, unknown}
   (You found it on level 9 of the Dungeon)

   It causes projectiles fired from it to freeze those they strike, causing
   extra injury to most foes and up to half again as much damage against
   particularly susceptible opponents.
   They can also slow down cold-blooded creatures.
   It lets you blink.
 y - a +6 club (weapon)
Missiles
 h - 100 arrows
 p - 4 tomahawks of returning (quivered)
Armour
 q - the cursed +0 ring mail of Cowardice {+Blink +Inv MR- Regen+}
   (You took it off an orc on level 5 of the Dungeon)

   It affects your resistance to hostile enchantments.
   It lets you turn invisible.
   It lets you blink.
   It increases your rate of regeneration.
   It has a curse placed upon it.
 u - a +0 pair of gloves (worn)
 A - a +3 scale mail of magic resistance (worn)
Jewellery
 n - a +4 ring of intelligence (left hand)
 w - an uncursed ring of protection from fire
Wands
 g - a wand of flame (19)
 v - a wand of iceblast (8)
 x - a wand of clouds (7)
 B - a wand of acid (16)
 D - a wand of paralysis (8)
Scrolls
 b - 4 scrolls of enchant weapon {unknown}
 d - 5 scrolls of remove curse
 e - 2 scrolls of enchant armour
 k - 7 scrolls of identify
 l - 6 scrolls of teleportation
 o - 3 scrolls of fear
 s - a scroll of magic mapping
 z - a scroll of torment {unknown}
 E - a scroll of blinking {unknown}
Potions
 a - a potion of haste
 i - 4 potions of heal wounds
 j - 3 potions of curing
 r - 2 potions of mutation {unknown}
 C - a potion of brilliance
 F - a potion of might {unknown}
Comestibles
 c - 14 rations
 t - 5 chunks of flesh


   Skills:
 + Level 6.1 Fighting
   Level 4.1 Long Blades
 + Level 7.6 Maces & Flails
   Level 3.3 Polearms
 + Level 7.9 Armour
 + Level 6.0 Dodging
 + Level 2.5 Stealth


You had 8 spell levels left.
You didn't know any spells.
Your spell library contained the following spells:

 Spells                   Type           Power        Failure   Level  Hunger
 Animate Skeleton         Necr           N/A          56%         1    ##.....
 Apportation              Tloc           #.....       56%         1    ##.....
 Confusing Touch          Hex            #.....       56%         1    ##.....
 Freeze                   Ice            #...         56%         1    ##.....
 Summon Small Mammal      Summ           #...         56%         1    ##.....
 Poisonous Vapours        Pois/Air       #.....       71%         2    ###....
 Throw Frost              Conj/Ice       #.....       71%         2    ###....
 Conjure Flame            Conj/Fire      #.......     90%         3    ####...
 Mephitic Cloud           Conj/Pois/Air  #.......     90%         3    ####...
 Ozocubu's Armour         Chrm/Ice       #.......     90%         3    ####...
 Cause Fear               Hex            #.........   100%        4    #####..
 Summon Ice Beast         Ice/Summ       #.......     100%        4    #####..
 Throw Icicle             Conj/Ice       #.......     100%        4    #####..
 Silence                  Hex/Air        #.........   100%        5    ######.
 Yara's Violent Unravell  Hex/Tmut       #.........   100%        5    ######.
 Deflect Missiles         Chrm/Air       #.........   100%        6    #######
 Freezing Cloud           Conj/Ice/Air   #.........   100%        6    #######
 Ring of Flames           Chrm/Fire      #.........   100%        7    #######
 Discord                  Hex            #.........   100%        8    #######


Dungeon Overview and Level Annotations

Branches:
Dungeon (9/15)             Temple (0/1) D:4            Lair (0/6) D:8
    Orc: D:9-12

Altars:
Ashenzari
Hepliaklqana
Kikubaaqudgha
Sif Muna
Vehumet

Shops:
D:8 ![

Annotations:
D:2 1 runed translucent door, Crazy Yiuf
D:6 Prince Ribbit


Innate Abilities, Weirdness & Mutations

You are resistant to damage.
You can heal yourself by infusing magical energy.
You passively map the area around you.
You do not regenerate.


Message History

The two-headed ogre is heavily wounded.
You hit the two-headed ogre.
The two-headed ogre is heavily wounded.
The two-headed ogre completely misses you.
The two-headed ogre barely misses you.
You feel much better.
The two-headed ogre hits you with a +0 giant club!
The two-headed ogre hits you with a +0 giant spiked club!!
Your magical essence is drained by the effort!
You feel much better.
You hit the two-headed ogre.
The two-headed ogre is heavily wounded.
The two-headed ogre hits you with a +0 giant club!!
* * * LOW HITPOINT WARNING * * *
The two-headed ogre hits you with a +0 giant spiked club!
* * * LOW HITPOINT WARNING * * *
You completely miss the two-headed ogre.
The two-headed ogre is heavily wounded.
The two-headed ogre hits you with a +0 giant club!!
You die...

, , ,, *** ,, ........# * ,,
* ....[........# ,*
.............#
.............# * *
.............# * #.#
.............# #. ### #.#
=............#######..... ,
..# ..............lO@....# *
* #.# .............#######.#
#(# ######..$....# #.# #.#
#.......# #.# #.# #.......#
#.##########.# #.......#
#............. **
#.......#######.#######.####
..................# #.#
.......#####.......# #.#


You could see a two-headed ogre and an iguana.

Vanquished Creatures
  Joseph (D:8)
  Grinder (D:6)
  A porcupine (D:8)
  3 ice beasts
  2 orc warriors
  A phantom (D:6)
  A necrophage (D:7)
  3 ogres
  2 centaurs (D:5)
  3 bullfrogs
  3 big kobolds
  3 scorpions
  2 howler monkeys
  A centaur zombie (D:7)
  3 crimson imps
  6 orc priests
  A centaur skeleton (D:7)
  3 orc wizards
  2 bullfrog skeletons
  Ijyb (D:3)
  3 iguanas
  6 worker ants
  Natasha (twice) (D:4)
  A hound zombie (D:8)
  2 hound skeletons
  5 gnolls
  A howler monkey skeleton (D:7)
  16 adders
  2 river rats (D:4)
  3 shadow imps
  2 oozes (D:3)
  2 adder zombies
  An adder skeleton (D:6)
  5 worms
  3 dart slugs
  10 leopard geckos
  24 orcs
  A ball python (D:1)
  5 giant cockroaches
  12 goblins
  10 hobgoblins
  7 jackals
  20 kobolds
  6 quokkas
  10 bats
  4 frilled lizards
  2 leopard gecko skeletons
  A quokka zombie (D:6)
  10 rats
219 creatures vanquished.

Notes
Turn   | Place    | Note
-------+----------+-------------------------------------------
     0 | D:1      | BinkBink the Deep Dwarf Berserker began the quest for the
                  | Orb.
     0 | D:1      | Reached XP level 1. HP: 20/20 MP: 1/1
    64 | D:1      | Reached XP level 2. HP: 27/27 MP: 2/2
   138 | D:1      | Reached XP level 3. HP: 23/33 MP: 3/3
   336 | D:1      | Reached ** piety under Trog
   636 | D:2      | Reached XP level 4. HP: 40/42 MP: 4/4
   731 | D:2      | Found a faded altar of an unknown god.
   772 | D:2      | Reached skill level 1 in Polearms
  1002 | D:2      | Found a runed translucent door.
  1003 | D:2      | Noticed Crazy Yiuf
  1198 | D:2      | Reached XP level 5. HP: 29/49 MP: 5/5
  2104 | D:3      | Reached XP level 6. HP: 41/56 MP: 6/6
  2381 | D:3      | Noticed Ijyb
  2398 | D:3      | Killed Ijyb
  2824 | D:4      | Found a glowing drain.
  2841 | Sewer    | Entered a sewer
  2925 | Sewer    | Reached *** piety under Trog
  2925 | Sewer    | Reached XP level 7. HP: 53/64 MP: 7/7
  2953 | Sewer    | Found a white marble altar of Elyvilon.
  3247 | D:4      | Reached skill level 1 in Maces & Flails
  3337 | D:4      | Found a staircase to the Ecumenical Temple.
  3396 | D:4      | Noticed Natasha
  3404 | D:4      | Killed Natasha
  3544 | D:4      | Found a deep blue altar of Sif Muna.
  3711 | D:4      | Found a hazy altar of Hepliaklqana.
  3711 | D:4      | Found a shattered altar of Ashenzari.
  3711 | D:4      | Noticed Natasha
  3719 | D:4      | Killed Natasha
  3811 | D:5      | Entered Level 5 of the Dungeon
  3993 | D:5      | Reached skill level 1 in Stealth
  4077 | D:5      | Found a radiant altar of Vehumet.
  4091 | D:5      | Reached skill level 5 in Armour
  4091 | D:5      | Reached XP level 8. HP: 36/73 MP: 8/8
  4256 | D:5      | Identified the cursed +0 ring mail of Cowardice {+Blink
                  | +Inv MR- Regen+}
  4548 | D:6      | Noticed Grinder
  4577 | D:6      | Killed Grinder
  4577 | D:6      | Reached skill level 5 in Fighting
  4713 | D:6      | Reached skill level 5 in Maces & Flails
  4729 | D:6      | Noticed Prince Ribbit
  4776 | D:6      | Reached skill level 5 in Dodging
  4860 | D:6      | Found an ancient bone altar of Kikubaaqudgha.
  5270 | D:7      | Gained mutation: You passively map the area around you.
                  | [Deep Dwarf growth]
  5270 | D:7      | Reached XP level 9. HP: 64/81 MP: 9/9
  5955 | D:8      | Noticed Joseph
  5983 | D:8      | Killed Joseph
  6069 | D:8      | Found Nonn's Distillery.
  6172 | D:8      | Found a staircase to the Lair.
  6244 | D:8      | Found Zubob Did's Armour Emporium.
  6513 | D:9      | Got a faintly glowing arbalest
  6670 | D:9      | Noticed a two-headed ogre
  6699 | D:9      | Mangled by a two-headed ogre

Skill      XL: |  1  2  3  4  5  6  7  8  9 |
---------------+----------------------------+-----
Fighting       | 3 4 5 6 |  6.1
Long Blades    | 4 |  4.1
Polearms       | 1 2 3 |  3.3
Dodging        | 3 4 5 6 |  6.0
Armour         | 3 5 6 7 |  7.9
Maces & Flails | 3 5 7 |  7.6
Stealth        | 1 2 |  2.5

Action                   |  1- 3 |  4- 6 |  7- 9 || total
-------------------------+-------+-------+-------++-------
Melee: Falchion          |    35 |       |       ||    35
       Spear             |    70 |   282 |       ||   352
       Club              |       |    83 |   611 ||   694
Invok: Trog's Hand       |     1 |     9 |    15 ||    25
       Berserk           |       |     2 |     2 ||     4
 Abil: Heal Wounds       |       |       |     8 ||     8
  Use: Potion            |       |       |    10 ||    10
       Scroll            |       |       |     7 ||     7
  Eat: Chunk             |       |     6 |    15 ||    21
       Ration            |       |     2 |     2 ||     4
Armor: Animal skin       |    14 |       |       ||    14
       Ring mail         |    25 |   114 |     2 ||   141
       Scale mail        |       |       |   269 ||   269
Dodge: Dodged            |    86 |   235 |   426 ||   747
       Rpst.: Falchion   |    10 |       |       ||    10
